 Dungeon Crawl Stone Soup version 0.31.0 (webtiles) character file.

Game seed: 11041152644481710630

55 Arctor the Vexing (level 4, -2/39 HPs)
             Began as a Kobold Hexslinger on Jan 19, 2024.
             Slain by Terence
             ... wielding a +3 falchion of holy wrath
              (7 damage)
             ... on level 2 of the Dungeon.
             The game lasted 00:01:09 (1516 turns).

Arctor the Vexing (Kobold Hexslinger)               Turns: 1516, Time: 00:01:10

Health: -2/39      AC:  2    Str:  5    XL:     4   Next: 14%
Magic:  6/6        EV: 15    Int: 14    God:
Gold:   44         SH:  0    Dex: 19    Spells: 6/6 levels left

rFire   . . .        a - +1 sling
rCold   . . .        (no shield)
rNeg    . . .        c - +0 robe
rPois   .            (no helmet)
rElec   .            (no cloak)
rCorr   .            (no gloves)
SInv    .            (no boots)
Will    +....        (no amulet) Stlth
                     (no ring)
HPRegen 0.26/turn    (no ring)
MPRegen 0.10/turn

%: no passive effects
@: berserking (expiring), enlightened, flying, very quick
A: small, no large weapons, nightstalker 3
a: no special abilities


You were on level 2 of the Dungeon.
You visited 1 branch of the dungeon, and saw 2 of its levels.

You collected 44 gold pieces.

Inventory:

Hand Weapons
 a - a +1 sling (weapon)
Armour
 c - a +0 robe (worn)
Scrolls
 b - 2 scrolls of poison
 e - a scroll of immolation {unknown}
 f - 3 scrolls of enchant weapon {unknown}
 g - a scroll of fog {unknown}
 j - a scroll of enchant armour {unknown}
 k - 3 scrolls of torment {unknown}
Potions
 d - a potion of enlightenment
 i - a potion of mutation {unknown}


   Skills:
 + Level 1.9 Fighting
 + Level 3.2 Ranged Weapons
 + Level 3.0 Dodging
 + Level 1.7 Spellcasting
 + Level 3.2 Hexes
 + Level 1.7 Fire Magic


You had 6 spell levels left.
You didn't know any spells.
Your spell library contained the following spells:

 Spells                   Type           Power      Damage    Failure   Level
 Jinxbite                 Hex            20%        N/A       10%         2
 Sigil of Binding         Hex            10%        N/A       19%         3
 Inner Flame              Hex/Fire       8%         N/A       26%         3
 Cause Fear               Hex            5%         N/A       54%         4
 Dimensional Bullseye     Hex/Tloc       2%         N/A       77%         4


Dungeon Overview and Level Annotations

Branches:
Dungeon (2/15)

Altars:

Annotations:
D:2 Terence


Innate Abilities, Weirdness & Mutations

You are small and have problems with some larger weapons.
You are completely attuned to the shadows.


Message History

Terence screams, "I want your blood!" Terence closely misses you.
You shoot a sling bullet.
The sling bullet hits Terence but does no damage.
Terence is lightly wounded.
Terence hits you with a +3 falchion of holy wrath.
It was a potion of enlightenment.
You feel very buoyant.
You fly up into the air.
Terence hits you with a +3 falchion of holy wrath!
* * * LOW HITPOINT WARNING * * *
It was a potion of berserk rage.
A red film seems to cover your vision as you go berserk!
You feel yourself moving faster!
You feel mighty! Terence completely misses you.
Okay, then.
You are too berserk!
Terence is nearby!
Terence is nearby!
Terence is nearby!
Terence is nearby!
Terence is nearby!
You are too berserk!
You are too berserk!
You hit Terence!
Terence is severely wounded.
Terence misses you.
You clumsily bash Terence but do no damage.
Terence is severely wounded.
Terence asks, "Do you want it fast or slow?"
Terence closely misses you.
Terence is nearby!
You clumsily bash Terence.
Terence is almost dead.
Terence closely misses you.
You barely miss Terence.
Terence is almost dead.
Terence hits you with a +3 falchion of holy wrath!
You die...
Terence says, "Rest in peace."

#>........#
##..†......#
#.........
#..........#
#.........
#..........####
#.....#.###
#.............#
#.....(.#..
#....##.......#
#..........
#....##.......+
...#'##.)..
#######.......#
#. #.##....
#...@...# #
#.##....
#...@...#
#.##....
#.......#
#.##....
#.......# #.#
#(......# #.#
#.# #.# #.# #.#


You could see Terence.

Vanquished Creatures
  2 dart slugs (D:1)
  A ribbon worm (D:2)
  An orc (D:2)
  3 ball pythons
  An endoplasm (D:1)
  A giant cockroach (D:1)
  9 goblins
  4 hobgoblins
  4 jackals (D:1)
  3 quokkas
  A bat (D:1)
  3 frilled lizards (D:1)
  4 kobolds
  4 rats
41 creatures vanquished.

Notes
Turn   | Place    | Note
-------+----------+-------------------------------------------
     0 | D:1      | Arctor the Kobold Hexslinger began the quest for the Orb.
     0 | D:1      | Reached XP level 1. HP: 12/12 MP: 2/2
    73 | D:1      | Reached XP level 2. HP: 16/16 MP: 3/3
   548 | D:1      | Reached XP level 3. HP: 20/20 MP: 5/5
  1355 | D:2      | Reached XP level 4. HP: 26/26 MP: 6/6
  1502 | D:2      | Noticed Terence
  1516 | D:2      | Slain by Terence

Illustrated notes

Levels and vault maps discovered:
D:1:      wander_arrival_fairy_ring, layout_basic,
          amcnicky_mini_rare_corridor_liquid
D:2:      layout_basic, uniq_terence

Skill      XL: |  1  2  3  4 |
---------------+-------------+-----
Ranged Weapons | 3 |  3.2
Dodging        | 3 |  3.0
Fighting       | |  1.9
Spellcasting   | |  1.7
Hexes          | |  3.2
Fire Magic     | |  1.7

Action                     |  1- 3 |  4- 6 || total
---------------------------+-------+-------++-------
  Melee: Sling             |       |     4 ||     4
   Fire: Sling             |    99 |    23 ||   122
    Use: Potion            |       |     2 ||     2
 Armour: Robe              |    12 |    13 ||    25
  Dodge: Dodged            |    34 |    25 ||    59
